 Dungeon Crawl Stone Soup version 0.24-a0-123-ga2403f3 (webtiles) character file.

Game seed: 10044492001251019079

23 RoseArtemis the Ruffian (level 2, -3/29 HPs)
             Began as a Troll Monk on Feb 22, 2019.
             Slain by a gnoll
             ... wielding a cursed +0 halberd
              (16 damage)
             ... on level 2 of the Dungeon.
             The game lasted 00:01:11 (904 turns).

RoseArtemis the Ruffian (Troll Monk)                 Turns: 904, Time: 00:01:12

Health: -3/29      AC:  6    Str: 18    XL:     2   Next: 72%
Magic:  1/1        EV:  5    Int:  6    God:
Gold:   42         SH:  0    Dex: 12    Spells: 1/1 levels left

rFire    . . .     SeeInvis .     - Unarmed
rCold    . . .     Gourm    +   (no shield)
rNeg     . . .     Faith    .   a - +0 robe
rPois    .         Spirit   .   (helmet restricted)
rElec    .         Reflect  .   (no cloak)
rCorr    .         Harm     .   (gloves unavailable)
MR       .....                  (boots unavailable)
Stlth    ++........             (no amulet)
HPRegen  0.49/turn              (no ring)
MPRegen  0.07/turn              (no ring)

@: held
A: large, unfitting armour, claws 3, fast metabolism 3, gourmand, regeneration
1, shaggy fur 1, tough skin 3
a: no special abilities


You were on level 2 of the Dungeon.
You were full.

You visited 1 branch of the dungeon, and saw 2 of its levels.

You collected 42 gold pieces.

Inventory:

Armour
 a - a +0 robe (worn)
Scrolls
 f - a scroll of blinking {unknown}
Potions
 c - 3 potions of brilliance {unknown}
 d - a potion of resistance
 e - a potion of curing
Comestibles
 b - 6 rations


   Skills:
 + Level 2.6 Fighting
 + Level 2.7 Dodging
 + Level 1.2 Stealth
 + Level 3.2 Unarmed Combat


You had one spell level left.
You didn't know any spells.
Your spell library was empty.

Dungeon Overview and Level Annotations

Branches:
Dungeon (2/15)

Altars:


Innate Abilities, Weirdness & Mutations

You are too large for most types of armour.
You have claws for hands.
Your metabolism is lightning-fast.
You like to eat raw meat.
Your natural rate of healing is unusually fast.
You are covered in fur. (AC +1)
You have extremely tough skin. (AC +3)


Message History

The gnoll throws a throwing net.
The throwing net hits you.
You become entangled in the net!
A gnoll comes into view. It is wielding a +0 flail.
The gnoll hits you from afar with a cursed +0 halberd.
You can't do that while held in a net.
You tear a large gash into the net.
A hobgoblin comes into view. It is wielding a +0 club.
The gnoll hits you with a +0 club.
The giant cockroach bites you but does no damage.
You struggle against the net.
The gnoll shouts!
The gnoll hits you from afar with a cursed +0 halberd!
The giant cockroach bites you but does no damage.
The gnoll hits you from afar with a +0 spear.
The gnoll hits you with a +0 club.
* * * LOW HITPOINT WARNING * * *
You struggle against the net.
The gnoll hits you from afar with a cursed +0 halberd!
Ouch! That really hurt!
You die...

.# .# ###.#####
# #.......#
#.#....g...
#####.#..g....#
........sg....#
#@g.....#
#........
#.......#
...[.####
####g# .# #


You could see 4 gnolls, a giant cockroach and a hobgoblin.

Vanquished Creatures
  An ooze (D:1)
  A leopard gecko (D:1)
  A giant cockroach (D:1)
  3 goblins (D:1)
  2 hobgoblins (D:1)
  2 kobolds (D:1)
  4 bats (D:1)
  A frilled lizard (D:1)
  4 rats (D:1)
19 creatures vanquished.

Notes
Turn   | Place    | Note
-------+----------+-------------------------------------------
     0 | D:1      | RoseArtemis the Troll Monk began the quest for the Orb.
     0 | D:1      | Reached XP level 1. HP: 22/22 MP: 0/0
   168 | D:1      | Reached XP level 2. HP: 25/29 MP: 1/1
   904 | D:2      | Slain by a gnoll

Levels and vault maps discovered:
D:1:      saegor_arrival_simple_e, layout_loops_corners
D:2:      layout_loops_ring, uniq_terence

Action                   || total
-------------------------++-------
Melee: Unarmed           ||    43
  Use: Scroll            ||     2
  Eat: Chunk             ||    11
Armor: Robe              ||    29
Dodge: Dodged            ||    36

Table legend:
 A = Non-vault XP
 B = Vault XP
 C = Vault XP percentage of total XP
 D = Non-vault monster count
 E = Vault monster count
 F = Vault count percentage of total count
                 A         B        C        D         E       F
            +---------+---------+-------+---------+---------+-------
      Total |      33 |       0 |   0.0 |      19 |       0 |   0.0
            +---------+---------+-------+---------+---------+-------
        D:1 |      33 |       0 |   0.0 |      19 |       0 |   0.0
            +---------+---------+-------+---------+---------+-------
